 Dungeon Crawl Stone Soup version 0.19-a0-1626-g5215c36 (webtiles) character file.

420 4thArraOfDagon the Ducker (level 6, -7/47 HPs)
             Began as a Mummy Gladiator on Sept 18, 2016.
             Was an Initiate of Okawaru.
             Mangled by an ogre
             ... wielding a +0 giant spiked club
              (28 damage)
             ... on level 7 of the Dungeon.
             The game lasted 00:10:17 (2123 turns).

4thArraOfDagon the Ducker (Mummy Gladiator)         Turns: 2123, Time: 00:10:18

Health: -7/47      AC:  7    Str: 20    XL:     6   Next: 62%
Magic:  6/6        EV: 13    Int:  7    God:    Okawaru [......]
Gold:   39         SH:  0    Dex: 15    Spells: 0 memorised, 5 levels left

rFire  x . .     SeeInvis +     k - +1 great mace (venom)
rCold  + . .     Gourm    .     g - +0 ring mail "Zuotaokh" {SInv} (curse)
rNeg   + + +     Faith    .     (shield currently unavailable)
rPois  ∞         Spirit   .     c - +1 helmet
rElec  .         Dismiss  .     (no cloak)
rCorr  .         Reflect  .     (no gloves)
MR     .....     Harm     .     (no boots)
Stlth  +.........               (no amulet)
                                e - +2 ring of strength
                                m - ring of see invisible

@: no status effects
A: no food or potions, fire vulnerability, cold resistance 1, negative energy
resistance 3, torment resistance, unbreathing
a: Renounce Religion


You were on level 7 of the Dungeon.
You worshipped Okawaru.
Okawaru was noncommittal.
You were not hungry.

You visited 2 branches of the dungeon, and saw 8 of its levels.

You collected 273 gold pieces.
You spent 234 gold pieces at shops.

Inventory:

Hand Weapons
 a - a +0 quarterstaff
 k - a +1 great mace of venom (weapon)
Missiles
 i - 3 javelins (quivered)
 j - 3 curare-tipped needles
Armour
 b - a +0 leather armour
 c - a +1 helmet (worn)
 g - the cursed +0 ring mail "Zuotaokh" (worn) {SInv}
   (You bought it in a shop on level 5 of the Dungeon)

   It lets you see invisible.
   It has a curse placed upon it.
 h - a +0 ring mail
Jewellery
 e - a +2 ring of strength (right hand)
 m - a ring of see invisible (left hand)
Wands
 n - a wand of confusion (18/48)
Scrolls
 f - 3 scrolls of remove curse
 l - a scroll of enchant armour


   Skills:
 - Level 3.0 Fighting
 * Level 2.6(3.4) Maces & Flails
 - Level 3.2(3.7) Staves
 - Level 1.5 Throwing
 + Level 2.2 Armour
 + Level 3.8 Dodging
 + Level 0.1 Invocations


You had 5 spell levels left.
You didn't know any spells.

Dungeon Overview and Level Annotations

Branches:
Dungeon (7/15)             Temple (1/1) D:6

Altars:
Ashenzari
Cheibriados
Dithmenos
Elyvilon
Fedhas
Gozag
Kikubaaqudgha
Nemelex Xobeh
Okawaru
Qazlal
Sif Muna
Trog
Uskayaw
Vehumet
Xom
Yredelemnul
The Shining One

Shops:
D:5 [}


Innate Abilities, Weirdness & Mutations

You do not eat or drink.
Your flesh is vulnerable to fire.
You are immune to poison.
Your flesh is cold resistant. (rC+)
You are immune to negative energy. (rN+++)
You are immune to unholy pain and torment.
You can survive without breathing.


Message History

Aim: an ogre, wielding a giant spiked club You throw a throwing net.
The throwing net barely misses the ogre.
The ogre hits you with a giant spiked club!!
Ouch! That really hurt!
Unknown command.
Throwing (i - inventory. (,) - cycle):
d - 2 throwing nets (quivered)
Press: ? - help, Shift-Dir - straight line, f/p - ogre
Aim: an ogre, wielding a giant spiked club You throw a throwing net.
The throwing net barely misses the ogre.
Unknown command.
Throwing (i - inventory. (,) - cycle):
d - a throwing net (quivered)
Press: ? - help, Shift-Dir - straight line, f/p - ogre
Aim: an ogre, wielding a giant spiked club You throw a throwing net.
The throwing net barely misses the ogre.
The ogre hits you with a giant spiked club!!
Ouch! That really hurt!
You die...

#.###...#.....#
#.......#.....#
+.......#.....+
#.......#.....+#
#####...........
#...........
##......?...
#.....$....
#@.........
#O.........
#..........
#..........
#.....=....
#..........
#(........
#########


You could see an ogre.

Vanquished Creatures
  An ogre (D:5)
  A scorpion (D:5)
  A quasit (D:6)
  Ijyb (D:2)
  3 worker ants (D:5)
  5 adders
  A shadow imp (D:6)
  2 oozes
  3 worms
  4 dart slugs
  5 leopard geckos
  5 orcs
  4 giant cockroaches
  4 hobgoblins
  11 jackals
  2 kobolds
  4 quokkas
  6 bats
  A frilled lizard (D:2)
  5 goblins
  A leopard gecko skeleton (D:5)
  6 rats
76 creatures vanquished.

Notes
Turn   | Place    | Note
-------+----------+-------------------------------------------
     0 | D:1      | 4thArraOfDagon the Mummy Gladiator began the quest for the Orb.
     0 | D:1      | Reached XP level 1. HP: 16/16 MP: 1/1
    75 | D:1      | Ultraviolent4: what tile is that?
    81 | D:1      | Reached XP level 2. HP: 18/22 MP: 2/2
   212 | D:1      | Reached XP level 3. HP: 13/28 MP: 3/3
   283 | D:1      | 4thArraOfDagon: this is new xecutioner
   283 | D:1      | 4thArraOfDagon: they have added it yesterday!
   298 | D:1      | Found a sparkling altar of Nemelex Xobeh.
   328 | D:2      | Ultraviolent4: that is terrifying
   380 | D:2      | Ultraviolent4: yea, i saw the new soul eater for the first time on my orb run
   380 | D:2      | Ultraviolent4: and nearly had a heart attack
   383 | D:2      | 4thArraOfDagon: haha yeah
   383 | D:2      | 4thArraOfDagon: all those new tiles
   383 | D:2      | 4thArraOfDagon: so confusing
   383 | D:2      | 4thArraOfDagon: and missleading
   663 | D:2      | Reached skill level 1 in Armour
   704 | D:2      | Reached XP level 4. HP: 28/34 MP: 4/4
   726 | D:2      | Found a faded altar of an unknown god.
   731 | D:2      | Noticed Ijyb
   765 | D:2      | Killed Ijyb
   901 | D:3      | 4thArraOfDagon: what did you win btw?
   920 | D:3      | Ultraviolent4: umm
   996 | D:3      | Ultraviolent4: !lg . won
  1003 | D:4      | beem: 109. Ultraviolent4 the Intangible (L27 KoWn of Trog), escaped with the Orb and 3 runes on 2016-09-18 01:14:21, with 1372735 points after 118433 turns and 5:05:25.
  1003 | D:4      | Ultraviolent4: yea that
  1003 | D:4      | 4thArraOfDagon: o
  1003 | D:4      | 4thArraOfDagon: you can't sleep I see :D
  1019 | D:5      | Entered Level 5 of the Dungeon
  1020 | D:5      | Ultraviolent4: im in australia :P
  1037 | D:5      | Reached XP level 5. HP: 38/41 MP: 5/5
  1048 | D:5      | Reached skill level 1 in Maces & Flails
  1049 | D:5      | 4thArraOfDagon: aahh right
  1159 | D:5      | 4thArraOfDagon: you grew in australia or just living there?
  1362 | D:4      | Found a shattered altar of Ashenzari.
  1372 | D:4      | Found a deep blue altar of Sif Muna.
  1374 | D:4      | Found a shimmering altar of Xom.
  1500 | D:5      | Found Siyros's Gadget Shoppe.
  1515 | D:5      | Ultraviolent4: born here
  1532 | D:5      | Reached XP level 6. HP: 40/47 MP: 6/6
  1544 | D:5      | Found Erikhlenk's Antique Armour Boutique.
  1547 | D:5      | Bought a shimmering ring mail for 234 gold pieces
  1557 | D:5      | Identified the cursed +0 ring mail "Zuotaokh" {SInv} (You bought it in a shop on level 5 of the Dungeon)
  1590 | D:5      | Ultraviolent4: im going to be cooking, gl
  1650 | D:5      | Found a sparkling altar of Nemelex Xobeh.
  1671 | D:5      | 4thArraOfDagon: gl too :D
  1692 | D:6      | Found a staircase to the Ecumenical Temple.
  1700 | Temple   | Entered the Ecumenical Temple
  1745 | Temple   | Became a worshipper of Warmaster Okawaru
  1965 | D:6      | Found a stormy altar of Qazlal.
  2123 | D:7      | Mangled by an ogre

Vault maps used:
D:1:      dpeg_arrival_chase, nemelex_altar_shiori
D:2:      mumra_celtic_spiral_tile, ecumenical_altar_2, uniq_iyjb
D:3:      nicolae_ru_the_path_less_chosen
D:4:      gammafunk_temple_overflow_forgotten
D:5:      lemuel_round_altar, first_bread, serial_shops, shop,
          nicolae_shop_competitors_out_of_business, corexii_leaking_fountain,
          nemelex_dance_club_becter
D:6:      basic_altar, grunt_qazlal_clouds
D:7:      enter_ossuary_5, uniq_menkaure
Temple:   eino_temple_rhombus

Skill      XL: |  1  2  3  4  5  6 |
---------------+-------------------+-----
Armour         | 1 2 |  2.2
Staves         | 3 |  3.2
Fighting       | 3 |  3.0
Dodging        | 3 |  3.8
Maces & Flails | 1 2 |  2.6
Throwing       | |  1.5
Invocations    | |  0.1

Action                   |  1- 3 |  4- 6 || total
-------------------------+-------+-------++-------
Melee: Quarterstaff      |   124 |    49 ||   173
       Great mace        |       |   117 ||   117
Throw: Throwing net      |       |     4 ||     4
Evoke: Wand              |       |     1 ||     1
  Use: Scroll            |       |     5 ||     5
Armor: Leather armour    |    19 |       ||    19
       Ring mail         |    16 |    73 ||    89
Dodge: Dodged            |    85 |   158 ||   243
